 Dungeon Crawl Stone Soup version 0.25-a0-464-g3004169c2b (webtiles) character file.

Game seed: 5965438614389397601, levelgen mode: deterministic

2641 MisterFreud the Archer (level 9, -3/81 (82) HPs)
             Began as a Centaur Hunter on Feb 5, 2020.
             Was an Initiate of Ru.
             Slain by a killer bee (8 damage)
             ... on level 8 of the Dungeon.
             The game lasted 00:12:25 (5797 turns).

MisterFreud the Archer (Centaur Hunter)             Turns: 5797, Time: 00:12:27

HP:   -3/81 (82)    AC:  7    Str: 14 (17) XL:     9   Next: 35%
MP:   9/9           EV: 14    Int:  8 (10) God:    Ru [......]
Gold: 374           SH:  0    Dex: 14 (16) Spells: 8/8 levels left

rFire    + . .     SeeInvis +   b - +2 dagger (venom)
rCold    . . .     Gourm    .   (no shield)
rNeg     . . .     Faith    .   c - +0 leather armour
rPois    .         Spirit   .   o - +2 helmet {SInv}
rElec    .         Reflect  .   (no cloak)
rCorr    +         Harm     .   (no gloves)
MR       .....                  (no barding)
Stlth    ++........             (no amulet)
HPRegen  0.23/turn              e - ring of resist corrosion
MPRegen  0.11/turn              z - ring of protection from fire

@: agile, lethally poisoned (-3 -> -32), very quick
A: large, hooves 3, deformed body, speed 2, tough skin 3
a: Sacrifice Drink, Sacrifice Skill, Sacrifice Words, Reject Sacrifices,
Renounce Religion


You were on level 8 of the Dungeon.
You worshipped Ru.
Ru was noncommittal.
You were not hungry.

You visited 2 branches of the dungeon, and saw 9 of its levels.

You collected 374 gold pieces.

Inventory:

Hand Weapons
 a - a +1 shortbow
 b - a +2 dagger of venom (weapon)
 k - a +0 short sword
 m - a +2 short sword of freezing
Missiles
 d - 148 arrows
 i - 21 sling bullets
 p - 55 bolts
 q - 330 stones (quivered)
 r - 54 poisoned darts
 x - 18 boomerangs
Armour
 c - a +0 leather armour (worn)
 o - a +2 helmet of see invisible (worn)
Jewellery
 e - a ring of resist corrosion (left hand)
 z - a ring of protection from fire (right hand)
Wands
 u - a wand of scattershot (3)
 C - a wand of enslavement (4)
 J - a wand of paralysis (9)
 K - a wand of iceblast (2)
Scrolls
 g - a scroll of random uselessness {unknown}
 j - 10 scrolls of identify {unknown}
 l - 2 scrolls of blinking {unknown}
 n - 2 scrolls of noise {unknown}
 v - 2 scrolls of teleportation {unknown}
 w - 4 scrolls of remove curse
 y - a scroll of amnesia {unknown}
 B - 3 scrolls of fog {unknown}
 D - a scroll of magic mapping {unknown}
 E - a scroll of vulnerability {unknown}
 F - 2 scrolls of enchant weapon {unknown}
Potions
 h - a potion of might {unknown}
 s - a potion of flight {unknown}
 t - a potion of degeneration
 A - a potion of agility
 G - a potion of ambrosia {unknown}
 H - 2 potions of brilliance {unknown}
Comestibles
 f - 17 rations
 I - 11 chunks of flesh


   Skills:
 + Level 8.8 Fighting
 - Level 13.0 Bows
 - Level 1.3 Dodging
 - Level 0.4 Stealth


You had 8 spell levels left.
You didn't know any spells.
Your spell library contained the following spells:

 Spells                   Type           Power        Failure   Level  Hunger
 Magic Dart               Conj           #...         50%         1    ##.....
 Searing Ray              Conj           #.....       63%         2    ###....
 Dazzling Flash           Conj/Hex       #.....       86%         3    ####...
 Fulminant Prism          Conj/Hex       #.........   99%         4    #####..
 Iskenderun's Mystic Bla  Conj/Tloc      #.......     99%         4    #####..


Dungeon Overview and Level Annotations

Branches:
Dungeon (8/15)             Temple (1/1) D:7
   Lair: D:8-11

Altars:
Ashenzari
Cheibriados
Dithmenos
Elyvilon
Fedhas
Gozag
Makhleb
Nemelex Xobeh
Okawaru
Qazlal
Ru
Sif Muna
Trog
Uskayaw
Vehumet
Wu Jian
Yredelemnul

Shops:
D:4 (


Innate Abilities, Weirdness & Mutations

You have hooves in place of feet.
Armour fits poorly on your strangely shaped body.
You cover ground very quickly.
You have extremely tough skin. (AC +3)


Message History

You feel sick.
It was a potion of degeneration.
There was something very wrong with that liquid.
You feel weakened.
You feel dopey.
You feel clumsy.
* * * LOW HITPOINT WARNING * * *
You feel sick. The killer bee stings you.
* * * LOW HITPOINT WARNING * * *
You are more poisoned.
The killer bee poisons you! The killer bee stings you.
* * * LOW HITPOINT WARNING * * *
You are more poisoned.
The killer bee poisons you!
It was a potion of agility.
You feel agile all of a sudden.
* * * LOW HITPOINT WARNING * * *
You feel very sick.
You kill the killer bee!
The killer bee stings you but does no damage.
The killer bee stings you!
You die...

##....##.......#####.
##.##.###.###.y..# #.#
##..........#####.###..
#####....)......####.......
###...#.........#.##.........
#..............##............
##.......##.....#............
#............y..........รท....
##...#......@####..#.........
###...........#.........#...
##......##.........#..#..#
#.......#....#....#.##...
####........#..####.........
##..........##..##........>#.
#............##.##.......###.
#.........................##.
#.................#..##......


You could see a killer bee.

Vanquished Creatures
  Maggie (D:6)
  2 hippogriffs
  Eustachio (D:4)
  Edmund (D:4)
  A sky beast (D:6)
  A phantom (D:6)
  An ogre (D:4)
  A necrophage (D:6)
  2 centaurs
  A big kobold (D:7)
  2 bullfrogs
  3 scorpions
  3 killer bees (D:8)
  2 crimson imps
  A centaur zombie (D:8)
  2 hounds
  2 bullfrog skeletons
  A centaur skeleton (D:8)
  An iron imp (D:6)
  9 worker ants
  2 orc wizards (D:7)
  2 hound skeletons
  3 adders
  4 gnolls
  An ooze (D:3)
  An adder skeleton (D:8)
  An adder zombie (D:6)
  A dart slug (D:2)
  3 leopard geckos
  15 orcs
  A ball python (D:2)
  4 giant cockroaches
  9 hobgoblins
  7 jackals
  A quokka (D:3)
  4 bats
  4 frilled lizards (D:1)
  14 goblins
  9 kobolds
  11 rats
135 creatures vanquished.

Notes
Turn   | Place    | Note
-------+----------+-------------------------------------------
     0 | D:1      | MisterFreud the Centaur Hunter began the quest for the Orb.
     0 | D:1      | Reached XP level 1. HP: 17/17 MP: 1/1
   201 | D:1      | Reached skill level 6 in Bows
   201 | D:1      | Reached XP level 2. HP: 24/24 MP: 2/2
   494 | D:1      | Reached XP level 3. HP: 28/29 MP: 3/3
   746 | D:2      | Reached skill level 7 in Bows
   782 | D:2      | Found a shadowy altar of Dithmenos.
  1066 | D:2      | Found a sparkling altar of Nemelex Xobeh.
  1348 | D:3      | Reached XP level 4. HP: 36/36 MP: 4/4
  1354 | D:3      | Found a snail-covered altar of Cheibriados.
  1366 | D:3      | Found a shattered altar of Ashenzari.
  2174 | D:4      | Found Heshat's Antique Weapon Shoppe.
  2209 | D:4      | Reached skill level 8 in Bows
  2240 | D:4      | Noticed an ogre
  2250 | D:4      | Killed an ogre
  2250 | D:4      | Reached XP level 5. HP: 22/45 MP: 5/5
  2571 | D:4      | Noticed Eustachio
  2597 | D:4      | Killed Eustachio
  2597 | D:4      | Reached skill level 5 in Fighting
  2597 | D:4      | Reached XP level 6. HP: 56/56 MP: 6/6
  2671 | D:4      | Noticed Edmund
  2732 | D:4      | Killed Edmund
  2995 | D:5      | Entered Level 5 of the Dungeon
  3062 | D:5      | Found a basalt altar of Yredelemnul.
  3072 | D:5      | Reached XP level 7. HP: 63/63 MP: 7/7
  3123 | D:5      | You fall into a shaft and drop 1 floor!
  3184 | D:6      | Found a burning altar of Makhleb.
  3205 | D:6      | Reached skill level 9 in Bows
  3520 | D:6      | Reached skill level 10 in Bows
  3790 | D:6      | Reached XP level 8. HP: 64/69 MP: 8/8
  3830 | D:6      | Noticed Maggie
  3861 | D:6      | Killed Maggie
  3861 | D:6      | Reached skill level 11 in Bows
  3930 | D:6      | Noticed a hippogriff
  3969 | D:6      | Killed a hippogriff
  3969 | D:6      | Reached skill level 12 in Bows
  4497 | D:7      | Reached skill level 13 in Bows
  4559 | D:7      | Found a staircase to the Ecumenical Temple.
  4599 | Temple   | Entered the Ecumenical Temple
  4629 | Temple   | Became a worshipper of Ru the Awakened
  4806 | D:7      | Noticed a hippogriff
  4840 | D:7      | Killed a hippogriff
  4840 | D:7      | Reached XP level 9. HP: 43/78 MP: 9/9
  5797 | D:8      | Slain by a killer bee

Levels and vault maps discovered:
D:1:      sevenhm_arrival_forest_fort_small_4, layout_basic, minmay_3d_cube
D:2:      layout_loops_ring, nicolae_dithmenos_through_a_glass_darkly,
          nemelex_xobeh_ov_fountains_minmay, first_ration,
          minmay_misc_feat_diagonals, minmay_pentomino_u4
D:3:      layout_loops_corners, cheibriados_altar_1,
          chequers_serial_rivers_micro_a, ashenzari_altar_1
D:4:      layout_loops_cross, serial_shops, nicolae_shop_statue_plus,
          uniq_eustachio, uniq_edmund
D:5:      layout_basic, kennysheep_little_box, yredelemnul_altar_generic
D:6:      layout_loops_ring, makhleb_grotto_becter, uniq_maggie
D:7:      layout_loops_ring, minmay_temple_entry_overgrown
D:8:      layout_cave_pools
Temple:   eino_wide_crystal_templ

Skill      XL: |  1  2  3  4  5  6  7  8  9 |
---------------+----------------------------+-----
Bows           | 6 7 8 10 13 | 13.0
Fighting       | 3 5 6 7 8 |  8.8
Dodging        | |  1.3
Stealth        | |  0.4

Action                   |  1- 3 |  4- 6 |  7- 9 || total
-------------------------+-------+-------+-------++-------
Melee: Short sword       |    53 |    20 |    11 ||    84
       Kick              |    16 |    23 |    40 ||    79
       Dagger            |    53 |    52 |   143 ||   248
 Fire: Shortbow          |     3 |    25 |   210 ||   238
Evoke: Wand              |       |       |     1 ||     1
  Use: Potion            |       |       |     2 ||     2
       Scroll            |       |       |     1 ||     1
  Eat: Chunk             |       |     3 |     5 ||     8
       Ration            |       |       |     1 ||     1
Armor: Leather armour    |    42 |    26 |    82 ||   150
Dodge: Dodged            |    43 |    21 |   100 ||   164

Table legend:
 A = Non-vault XP
 B = Vault XP
 C = Vault XP percentage of total XP
 D = Non-vault monster count
 E = Vault monster count
 F = Vault count percentage of total count
                 A         B        C        D         E       F
            +---------+---------+-------+---------+---------+-------
      Total |    2940 |     833 |  22.1 |     122 |      13 |   9.6
            +---------+---------+-------+---------+---------+-------
        D:1 |      43 |       9 |  17.3 |      22 |       6 |  21.4
        D:2 |      37 |       5 |  11.9 |      21 |       3 |  12.5
        D:3 |      36 |       0 |   0.0 |      14 |       0 |   0.0
        D:4 |     205 |     376 |  64.7 |       5 |       2 |  28.6
        D:5 |     115 |       0 |   0.0 |       4 |       0 |   0.0
        D:6 |    1071 |     443 |  29.3 |      22 |       2 |   8.3
        D:7 |     851 |       0 |   0.0 |      20 |       0 |   0.0
        D:8 |     582 |       0 |   0.0 |      14 |       0 |   0.0
            +---------+---------+-------+---------+---------+-------
